 Dungeon Crawl Stone Soup version 0.24.0-123-gd5b16e6ec5 (webtiles) character file.

Game seed: 17247792397047110551, levelgen mode: deterministic

137 Delamore the Chopper (level 5, -5/41 HPs)
             Began as a Formicid Fighter on Jan 6, 2020.
             Slain by a worm (9 damage)
             ... on level 2 of the Dungeon.
             The game lasted 00:01:14 (1384 turns).

Delamore the Chopper (Formicid Fighter)             Turns: 1384, Time: 00:01:15

Health: -5/41      AC:  8    Str: 22    XL:     5   Next: 43%
Magic:  5/5        EV:  8    Int:  7    God:
Gold:   85         SH:  9    Dex: 10    Spells: 4/4 levels left

rFire    . . .     SeeInvis +   a - +0 war axe
rCold    . . .     Gourm    .   c - +0 shield
rNeg     . . .     Faith    .   b - +0 scale mail
rPois    .         Spirit   .   (helmet unavailable)
rElec    .         Reflect  .   (no cloak)
rCorr    .         Harm     .   (no gloves)
MR       .....                  (no boots)
Stlth    ..........             (no amulet)
HPRegen  0.13/turn              k - +2 ring of protection
MPRegen  0.09/turn              (no ring)

@: lethally poisoned (-5 -> -8)
A: permanent stasis, dig shafts and tunnels, four strong arms, antennae 3
a: Dig, Shaft Self


You were on level 2 of the Dungeon.
You were not hungry.

You visited 1 branch of the dungeon, and saw 2 of its levels.

You collected 85 gold pieces.

Inventory:

Hand Weapons
 a - a +0 war axe (weapon)
Armour
 b - a +0 scale mail (worn)
 c - a +0 shield (worn)
Jewellery
 k - a +2 ring of protection (left hand)
Wands
 n - a wand of paralysis (11)
Scrolls
 g - a scroll of magic mapping {unknown}
 h - 3 scrolls of remove curse {unknown}
 j - 4 scrolls of identify {unknown}
 m - a scroll of amnesia {unknown}
Potions
 d - 2 potions of might
 e - a potion of heal wounds {unknown}
 i - a potion of cancellation {unknown}
 l - 2 potions of flight {unknown}
 o - a potion of haste {unknown}
Comestibles
 f - 4 rations


   Skills:
 - Level 3.2 Fighting
 + Level 5.2 Axes
 - Level 3.2 Armour
 - Level 3.6 Shields


You had 4 spell levels left.
You didn't know any spells.
Your spell library was empty.

Dungeon Overview and Level Annotations

Branches:
Dungeon (2/15)

Altars:
Gozag


Innate Abilities, Weirdness & Mutations

You cannot be hasted, slowed, berserked, paralysed or teleported.
You can dig through walls and to a lower floor.
Your four strong arms can wield two-handed weapons with a shield.
You have a pair of large antennae on your head. (SInv)


Message History

Unknown command.
You are too injured to fight recklessly!
Your shield prevents you from hitting the worm.
You barely miss the jackal. You block the jackal's attack.
You hit the worm.
The worm is lightly wounded.
You miss the jackal.
You feel sick.
The jackal bites you but does no damage.
The worm closely misses you.
The jackal bites you but does no damage.
You slash the worm!
The worm is severely wounded.
You hit the jackal.
You feel sick. The jackal barely misses you. The worm bites you!
* * * LOW HITPOINT WARNING * * *
You block the jackal's attack.
You barely miss the worm.
The worm is severely wounded.
You closely miss the jackal. You block the jackal's attack. The worm bites you!
You die...

# #...#### # #.#.# { .
####.#.# . .##....#.##
.. ....####..# ... ...##
##.# .... ##.# #.##
##.....
#.######..######h......
##.#............@wg.....
.).....###.....####>....
##.##### #.....# ...
...# #.....# . ####
#.....# #.....# #.....#
#######


You could see a worm, a jackal and a goblin.

Vanquished Creatures
  Natasha (twice) (D:2)
  5 adders (D:2)
  3 leopard geckos (D:1)
  A giant cockroach (D:1)
  4 goblins
  2 hobgoblins
  2 jackals (D:2)
  5 kobolds
  A quokka (D:2)
  2 ball pythons (D:1)
  8 bats
  4 frilled lizards
  7 rats
46 creatures vanquished.

Notes
Turn   | Place    | Note
-------+----------+-------------------------------------------
     0 | D:1      | Delamore the Formicid Fighter began the quest for the Orb.
     0 | D:1      | Reached XP level 1. HP: 18/18 MP: 1/1
    36 | D:1      | Reached XP level 2. HP: 12/24 MP: 2/2
   405 | D:1      | Reached skill level 3 in Axes
   610 | D:1      | Reached XP level 3. HP: 29/29 MP: 3/3
   834 | D:2      | Noticed Natasha
   839 | D:2      | Killed Natasha
   839 | D:2      | Reached skill level 4 in Axes
   839 | D:2      | Reached XP level 4. HP: 26/35 MP: 4/4
   978 | D:2      | Found an opulent altar of Gozag.
  1015 | D:2      | Noticed Natasha
  1021 | D:2      | Killed Natasha
  1213 | D:2      | Reached XP level 5. HP: 21/41 MP: 5/5
  1264 | D:2      | Reached skill level 5 in Axes
  1384 | D:2      | Slain by a worm

Levels and vault maps discovered:
D:1:      minmay_arrival_four_houses, layout_basic
D:2:      layout_rooms, grunt_gozag_statues, uniq_natasha

Skill      XL: |  1  2  3  4  5 |
---------------+----------------+-----
Axes           | 3 4 5 |  5.2
Fighting       | |  3.2
Armour         | |  3.2
Shields        | |  3.6

Action                   |  1- 3 |  4- 6 || total
-------------------------+-------+-------++-------
Melee: War axe           |    79 |    76 ||   155
  Eat: Chunk             |       |     2 ||     2
Armor: Scale mail        |    46 |    45 ||    91
Dodge: Dodged            |    34 |    36 ||    70
Block: Shield            |    48 |    52 ||   100
